Map: King of Braxis Station

Players

MrFercho

  • Race: Zerg Zerg
  • Spawn Location: 11:00

tigro

  • Race: Terran Terran
  • Spawn Location: 12:00

oimpo

  • Race: Terran Terran
  • Spawn Location: 9:00

IA (Difícil)

  • Race: Zerg Zerg
  • Spawn Location: 7:00

TwPrcntMlk

  • Race: Terran Terran
  • League: Diamond
  • Spawn Location: 1:00

IA (Difícil)

  • Race: Protoss Protoss
  • Spawn Location: 3:00

IA (Difícil)

  • Race: Protoss Protoss
  • Spawn Location: 5:00

IA (Difícil)

  • Race: Terran Terran
  • Spawn Location: 6:00

VOD

Have the link to the VOD?

Description

Time

  • Played on: April 10, 2020, 11:05 p.m.
  • Length: 45:16
Show
View Real Time Build Order
Export as new Build Order

MrFercho Zerg 

Build Orders: Pool First 

Get SALT Encoding   

  12  0:03  Drone  
  13  0:13  Overlord  
  13  0:17  Drone  
  14  0:25  Extractor  
  14  0:27  Drone  
  14  0:39  Drone x2  
  16  0:53  Spawning Pool, Drone  
  16  1:02  Drone  
  17  1:11  Overlord  
  17  1:20  Drone  
  18  1:46  Drone  
  18  1:47  Drone  
  20  1:52  Extractor  
  19  1:59  Hatchery  
  18  2:08  Drone x2  
  20  2:16  Hatchery  
  20  2:19  Drone  
  20  2:38  Hatchery  
  19  2:49  Drone  
  19  2:50  Drone x2  
  22  3:13  Lair  
  22  3:15  Hatchery  
  21  3:20  Drone x2  
  23  3:40  Drone x5  
  23  3:41  Drone  
  29  4:14  Drone x2  
  29  4:15  Drone x4  
  29  4:16  Drone  
  36  4:17  Overlord x2  
  36  4:18  Overlord  
  36  4:55  Zergling x2  
  36  4:56  Zergling x26  
  50  5:02  Drone  
  51  5:08  Drone  
  51  5:09  Drone x4  
  56  5:22  Metabolic Boost  
  56  5:26  Burrow  
  56  5:40  Evolution Chamber  
  55  5:43  Evolution Chamber  
  55  5:44  Evolution Chamber  
  55  5:47  Roach Warren  
  55  5:48  Drone x3  
  55  6:02  Drone x5  
  46  6:44  Roach x6  
  46  6:45  Zergling x12, Roach  
  46  6:46  Zergling x2  
  67  6:53  Drone  
  68  7:07  Hydralisk Den  
  67  7:11  Infestation Pit  
  66  7:33  Drone x5  
  66  7:34  Drone x5  
  66  7:35  Drone x2  
  57  8:08  Hydralisk x2  
  57  8:09  Hydralisk  
  57  8:10  Zergling x10  
  57  8:11  Roach  
  57  8:12  Roach x2  
  74  8:23  Glial Reconstitution  
  74  8:26  Grooved Spines  
  74  8:43  Overlord  
  74  8:44  Overlord x2  
  74  8:56  Hive  
  74  8:58  Pneumatized Carapace  
  74  9:16  Ravager x2  
  76  9:27  Drone x2  
  76  9:28  Drone x4  
  76  9:30  Drone  
  83  9:42  Tunneling Claws  
  83  9:55  Hatchery  
  82  10:03  Spire  
  81  10:07  Nydus Network  
  80  10:15  Lurker Den  
  79  11:40  Mutalisk  
  79  11:41  Mutalisk x2  
  79  11:43  Hydralisk x2  
  79  11:46  Zergling x6  
  92  11:47  Roach x3  
  92  11:48  Zergling x2, Roach  
  92  11:49  Zergling x4  
  103  11:56  Zerg Missile Weapons Level 1, Zerg Melee Weapons Level 1, Zerg Ground Armor Level 1  
  103  12:00  Muscular Augments  
  103  12:02  Hatchery, Adaptive Talons  
  103  12:03  Extractor  
  103  12:06  Extractor  
  80  13:02  Seismic Spines  
  80  13:09  Lurker  
  80  13:10  Lurker  
  82  13:23  Zerg Flyer Weapons Level 1  
  82  14:07  Unknown  
  81  14:10  Unknown  
  81  14:11  Unknown  
  81  14:12  Unknown  
  78  14:21  Hatchery  
  77  14:32  Overlord  
  77  14:33  Overlord x2  
  77  14:34  Overlord  
  77  14:37  Roach x4  
  85  14:39  Roach x4, Hydralisk x3  
  99  14:55  Zerg Melee Weapons Level 2  
  97  16:13  Spine Crawler  
  97  16:14  Spine Crawler  
  97  16:15  Spine Crawler  
  97  16:18  Drone x15  
  109  17:08  Spine Crawler  
  108  17:10  Spine Crawler x2  
  108  17:12  Spine Crawler  
  105  17:17  Spine Crawler  
  105  17:18  Spine Crawler  
  105  17:20  Spine Crawler, Drone  
  105  17:22  Overlord x4  
  103  17:23  Spine Crawler  
  103  17:26  Spine Crawler  
  103  17:27  Spine Crawler  
  99  17:34  Spore Crawler  
  98  17:42  Spore Crawler x2  
  98  17:43  Spore Crawler, Drone  
  98  17:44  Spore Crawler, Drone x13  
  104  17:45  Spore Crawler  
  104  17:47  Spore Crawler  
  77  18:10  Corruptor x3  
  77  18:11  Mutalisk x3  
  77  18:12  Hydralisk x4  
  73  18:13  Hydralisk  
  80  18:32  Mutalisk x4  
  80  18:33  Hatchery, Extractor  
  61  19:26  Roach x4  
  61  19:27  Roach x2  
  61  19:28  Roach  
  61  19:29  Roach  
  77  19:46  Greater Spire  
  77  19:49  Zerg Ground Armor Level 2, Zerg Missile Weapons Level 2  
  77  19:50  Zerg Melee Weapons Level 3  
  77  19:55  Adrenal Glands  
  77  20:47  Drone x8  
  77  20:48  Drone x7  
  77  20:49  Ultralisk Cavern  
  91  21:22  Brood Lord x3  
  97  21:32  Overlord x2  
  97  21:33  Overlord x2  
  97  21:34  Hatchery  
  97  21:35  Overseer  
  96  21:56  Spine Crawler  
  96  21:57  Spine Crawler  
  96  22:01  Spine Crawler  
  93  22:13  Spore Crawler  
  92  22:19  Hydralisk x3  
  92  22:20  Mutalisk x4  
  92  22:21  Corruptor x3  
  94  22:30  Drone  
  94  22:31  Drone x3  
  94  22:37  Ravager x3  
  59  23:44  Hydralisk x3  
  59  23:46  Zergling x8  
  59  23:47  Roach x3  
  59  23:48  Mutalisk x2, Roach  
  78  23:49  Ultralisk x2  
  92  24:10  Unknown  
  91  24:17  Unknown  
  91  24:18  Drone x11  
  101  24:26  Chitinous Plating  
  93  25:03  Drone x3  
  96  25:09  Hatchery  
  96  25:11  Extractor x2  
  93  25:20  Drone  
  94  25:23  Corruptor  
  94  25:24  Corruptor x3  
  94  25:27  Zergling x2  
  101  26:00  Drone x2  
  101  26:01  Drone  
  104  26:21  Overseer  
  95  27:20  Corruptor x4  
  95  27:21  Corruptor x2  
  107  27:22  Hydralisk  
  107  27:23  Hydralisk x4  
  107  27:25  Zergling x2, Roach x2, Drone  
  107  27:26  Zergling x2  
  123  27:54  Drone x3  
  126  28:02  Drone  
  126  28:03  Drone x7  
  126  28:04  Drone x5  
  126  28:05  Drone x2  
  141  28:23  Roach x3, Hydralisk x2  
  151  28:27  Ultralisk x2  
  151  28:42  Hydralisk x2  
  151  28:47  Roach x3  
  151  28:53  Hatchery  
  150  28:56  Hatchery, Zerg Ground Armor Level 3, Zerg Missile Weapons Level 3  
  150  28:57  Hatchery  
  150  28:58  Hatchery  
  150  28:59  Hatchery x2, Zerg Flyer Weapons Level 2  
  145  29:04  Hatchery  
  145  29:07  Hatchery  
  135  29:34  Unknown  
  135  29:35  Unknown, Drone x9  
  135  29:36  Drone x6  
  129  30:23  Drone  
  129  30:24  Drone x2  
  132  30:30  Drone x3  
  135  30:42  Hydralisk x3  
  135  30:43  Hydralisk x6  
  135  30:44  Hydralisk  
  135  30:45  Roach x3  
  135  30:46  Zergling x10, Roach x2  
  135  30:47  Corruptor x7  
  135  30:49  Ultralisk x2  
  181  31:15  Brood Lord x3  
  187  31:29  Drone  
  187  31:30  Drone x12  
  121  32:44  Overlord x3  
  87  33:25  Zergling x2  
  87  33:26  Zergling x8, Viper, Hydralisk x4  
  89  33:27  Ultralisk  
  89  33:28  Ultralisk x4  
  89  33:29  Roach x6  
  89  33:30  Roach x4  
  133  33:39  Hydralisk x3  
  133  33:41  Zergling x20  
  135  33:42  Zergling x16  
  147  34:09  Drone x6  
  154  34:10  Drone x5  
  146  34:40  Overseer  
  146  34:42  Overseer  
  146  34:57  Zergling x2  
  146  34:58  Zergling x40  
  146  34:59  Zergling x36  
  185  35:05  Lurker x2  
  185  35:06  Lurker x2  
  189  35:14  Corruptor x5  
  187  35:53  Baneling Nest  
  187  35:55  Anabolic Synthesis  
  186  36:01  Pathogen Glands  
  186  36:13  Drone x3  
  189  36:36  Centrifical Hooks  
  189  36:40  Baneling  
  189  36:41  Baneling x19  
  189  36:42  Baneling x25  
  189  36:43  Baneling x43  
  189  36:44  Baneling x3  
  189  36:51  Drone  
  189  36:52  Drone x4  
  194  36:58  Neural Parasite  
  126  38:05  Ultralisk x2  
  138  38:06  Hydralisk x3  
  138  38:07  Hydralisk x2  
  138  38:08  Zergling x2  
  138  38:09  Zergling x10  
  138  38:10  Zergling x12  
  138  38:11  Zergling x12  
  138  38:12  Zergling x2, Roach x5  
  179  38:13  Roach x2, Hydralisk x3  
  179  38:14  Hydralisk  
  179  38:16  Microbial Shroud  
  189  38:35  Brood Lord x3  
  173  39:59  Hatchery  
  172  40:10  Zergling x8  
  172  40:11  Zergling x48  
  200  40:21  Hatchery  
  199  40:43  Zerg Flyer Weapons Level 3  
  57  41:53  Hydralisk x3  
  63  41:54  Zergling x4  
  63  41:55  Zergling x6  
  63  41:56  Roach x6  
  63  41:57  Roach x3  
  63  41:58  Roach x2  
  63  41:59  Roach x3  
  102  42:01  Ultralisk, Mutalisk x2  
  102  42:02  Mutalisk x4  
  90  43:13  Ultralisk x3  
  90  43:14  Zergling x10  
  90  43:15  Zergling x2, Roach x2  
  90  43:16  Roach x4, Hydralisk x2  
  90  43:17  Mutalisk x3, Hydralisk  
  138  43:20  Zerg Flyer Armor Level 1  
Show
View Real Time Build Order
Export as new Build Order

tigro Terran 

Build Orders:  

Get SALT Encoding   

  12  0:04  SCV  
  13  0:19  Supply Depot  
  13  0:27  Refinery  
  13  0:28  SCV  
  14  0:40  SCV  
  15  0:52  Barracks  
  15  0:56  SCV  
  16  0:57  Refinery  
  16  1:08  SCV  
  17  1:20  SCV  
  19  1:32  SCV  
  19  1:39  Supply Depot  
  19  1:42  Marine  
  20  1:59  Marine, Barracks  
  21  2:11  Engineering Bay  
  21  2:16  SCV  
  21  2:17  Marine  
  23  2:28  SCV  
  24  2:35  Marine  
  25  2:44  Orbital Command  
  25  2:53  Marine  
  25  2:55  Missile Turret  
  25  2:57  Barracks Tech Lab  
  26  3:05  Factory  
  26  3:30  Missile Turret  
  26  3:31  Barracks Tech Lab  
  26  3:34  Marauder  
  28  3:43  Combat Shield  
  28  3:55  Marauder  
  30  3:56  Stimpack  
  30  4:04  Marine  
  30  4:09  Factory Tech Lab  
  31  4:16  Marine  
  32  4:22  Marine  
  33  4:29  Missile Turret  
  33  4:34  Marine  
  34  4:45  Armory  
  34  4:52  Marine  
  35  5:01  Concussive Shells, Starport  
  35  5:05  Siege Tank  
  38  5:12  Terran Infantry Weapons Level 1  
  38  5:19  Infernal Pre-Igniter  
  30  5:39  Marine  
  19  5:47  Marine  
  15  5:56  Marine  
  7  6:14  Marine  
  3  6:32  Marine  
Show
View Real Time Build Order
Export as new Build Order

oimpo Terran 

Build Orders: Mech 

Get SALT Encoding   

  12  0:02  SCV  
  13  0:14  SCV  
  14  0:22  Supply Depot  
  14  0:26  SCV  
  15  0:44  SCV  
  15  0:45  Barracks  
  16  0:56  SCV, Refinery  
  17  1:08  SCV  
  18  1:20  SCV  
  19  1:32  SCV  
  19  1:33  Supply Depot  
  19  1:38  Marine  
  21  1:50  Refinery  
  21  1:52  Orbital Command  
  21  1:56  Supply Depot, Marine  
  22  2:14  Marine  
  23  2:18  Supply Depot  
  23  2:21  SCV  
  24  2:32  Marine  
  24  2:36  SCV  
  26  2:48  SCV  
  26  2:50  Marine  
  28  2:52  Factory  
  28  3:02  SCV  
  29  3:07  Marine  
  30  3:15  SCV  
  31  3:20  Engineering Bay  
  31  3:25  Marine  
  33  3:27  SCV  
  33  3:36  Factory  
  33  3:40  Factory Tech Lab  
  33  3:41  Factory  
  33  3:43  Marine  
  34  3:55  Supply Depot  
  34  4:20  Supply Depot, Siege Tank  
  37  4:25  Factory Tech Lab  
  37  4:28  Factory Tech Lab  
  37  4:42  Starport  
  37  4:45  Supply Depot  
  37  4:52  Factory, Siege Tank  
  40  5:09  Supply Depot  
  40  5:15  Neosteel Armor  
  40  5:34  Supply Depot  
  40  5:38  Starport Tech Lab  
  40  5:47  Fusion Core  
  40  5:50  Factory Tech Lab  
  40  5:59  Supply Depot  
  40  6:24  Supply Depot  
  40  6:29  Siege Tank  
  40  6:30  Siege Tank  
  46  6:47  Supply Depot  
  46  7:05  Armory  
  46  7:09  Armory  
  46  7:12  Supply Depot  
  46  7:43  Supply Depot  
  46  8:07  Supply Depot  
  46  8:09  Thor  
  52  8:18  Terran Vehicle Weapons Level 1  
  52  8:32  Supply Depot  
  52  8:36  Terran Vehicle And Ship Armor Level 1  
  52  8:57  Factory  
  52  8:58  Supply Depot  
  52  9:16  Factory  
  52  9:20  Smart Servos  
  52  9:37  Supply Depot  
  52  9:52  Factory Tech Lab  
  52  10:01  Supply Depot  
  52  10:05  Hellion x3  
  52  10:06  Hellion x2  
  62  10:17  Hellion  
  64  10:25  Supply Depot  
  64  10:26  Hellion x3  
  70  10:34  Viking  
  72  10:37  Siege Tank x2  
  78  10:49  Supply Depot  
  78  11:00  Siege Tank  
  81  12:15  Supply Depot  
  81  12:39  Supply Depot  
  81  12:54  Hellion x3  
  81  12:55  Hellion x3  
  93  13:03  Supply Depot  
  93  13:11  Terran Vehicle Weapons Level 2  
  93  13:15  Hellion, Thor  
  93  13:16  Hellion, Thor x2  
  115  13:25  Supply Depot  
  115  13:44  Terran Vehicle And Ship Armor Level 2  
  115  14:50  Barracks  
  115  15:39  Barracks  
  115  15:44  Missile Turret  
  115  16:05  Missile Turret  
  115  16:25  Missile Turret  
  115  16:27  Barracks  
  115  16:45  Missile Turret  
  115  17:06  Missile Turret  
  115  17:11  Siege Tank x2  
  121  17:16  Barracks  
  121  17:18  Thor x2, Siege Tank  
  136  17:26  Missile Turret  
  136  17:28  Terran Vehicle Weapons Level 3  
  136  17:43  Thor  
  142  17:46  Missile Turret  
  142  17:58  Reaper  
  143  18:04  Barracks  
  143  18:09  Missile Turret  
  143  18:28  Missile Turret  
  143  18:47  Terran Infantry Weapons Level 1, Missile Turret  
  143  18:53  Barracks  
  142  19:06  Command Center  
  142  19:08  Missile Turret  
  142  19:29  Missile Turret  
  142  19:48  Missile Turret  
  142  20:07  Missile Turret  
  142  20:08  Infernal Pre-Igniter  
  142  20:19  Terran Vehicle And Ship Armor Level 3  
  142  20:22  Command Center  
  142  20:29  Missile Turret  
  142  20:42  Terran Infantry Armor Level 1  
  142  20:44  Planetary Fortress  
  142  20:49  Missile Turret  
  142  21:09  Missile Turret  
  142  21:31  Missile Turret  
  142  21:41  Barracks Tech Lab  
  142  21:52  Missile Turret  
  142  22:14  Missile Turret, Marine x4  
  142  22:15  Marine x2  
  148  22:31  Marine  
  148  22:32  Planetary Fortress, Marine x5  
  148  22:35  Missile Turret  
  148  22:36  Hi-Sec Auto Tracking  
  154  22:42  Combat Shield  
  154  22:49  Marine  
  154  22:50  Marine x5  
  160  22:56  Missile Turret  
  160  23:01  Command Center  
  160  23:07  Marine  
  160  23:08  Marine x5  
  166  23:16  Missile Turret  
  166  23:25  Marine x4  
  166  23:26  Marine x2  
  172  23:37  Missile Turret  
  172  23:43  Marine x4  
  172  23:44  Marine x2  
  178  23:57  Missile Turret  
  178  24:00  Marine  
  178  24:01  Stimpack, Marine x3  
  178  24:02  Marine x2  
  184  24:14  Command Center  
  184  24:17  Missile Turret  
  184  24:18  Marine  
  184  24:19  Marine x5  
  190  24:26  Planetary Fortress  
  190  24:36  Marine  
  190  24:37  Marine x5  
  196  24:38  Missile Turret  
  196  24:54  Marine x4  
  196  24:59  Missile Turret  
  200  25:06  Terran Infantry Weapons Level 2  
  200  25:20  Missile Turret  
  200  25:41  Missile Turret  
  200  25:56  Planetary Fortress  
  200  26:01  Missile Turret  
  140  27:21  Terran Infantry Armor Level 2  
  140  27:27  Barracks Reactor x2  
  140  27:28  Barracks Reactor x4  
  140  28:42  Marine x5  
  140  28:43  Marine x5  
  140  28:44  Marine x2  
  152  29:00  Marine x5  
  152  29:01  Marine x5  
  152  29:02  Marine x2  
  164  29:15  Terran Ship Weapons Level 1  
  164  29:18  Marine x5  
  164  29:19  Marine x5  
  164  29:20  Marine x2  
  176  29:35  Marine x2  
  176  29:36  Marine x6  
  176  29:37  Terran Infantry Weapons Level 3, Marine x4  
  188  30:24  Missile Turret  
  188  30:33  Marine  
  188  30:34  Marine x6  
  188  30:35  Marine x5  
  162  32:51  Command Center  
  128  33:51  Marine  
  128  33:52  Marine x5  
  128  33:53  Marine x5  
  128  33:54  Marine  
  137  34:09  Marine  
  138  34:10  Marine x5  
  138  34:11  Marine x5  
  138  34:12  Marine  
  149  34:27  Marine  
  149  34:28  Command Center, Marine x5  
  149  34:29  Marine x5  
  149  34:30  Marine  
  161  34:43  Planetary Fortress  
  161  34:45  Marine x4  
  162  34:46  Marine x4  
  162  34:47  Marine x3  
  172  34:55  Marine  
  173  35:03  Marine x4  
  173  35:04  Marine x4  
  173  35:05  Marine x3  
  184  35:13  Marine  
  185  35:20  Marine  
  186  35:21  Marine x3  
  186  35:22  Marine x4  
  186  35:23  Marine x3  
  196  35:31  Marine  
  197  35:38  Marine  
  197  35:39  Marine x2  
  200  35:51  Planetary Fortress  
  200  35:58  Terran Infantry Armor Level 3  
  119  38:24  Marine x6  
  119  38:25  Marine x4  
  119  38:26  Marine x2  
  131  38:42  Marine x6  
  131  38:43  Marine x4  
  131  38:44  Marine x2  
  143  38:59  Marine x3  
  143  39:00  Marine x5  
  143  39:01  Marine x2  
  143  39:02  Marine x2  
  155  39:17  Marine x3  
  155  39:18  Marine x5  
  155  39:19  Marine x4  
Show
View Real Time Build Order
Export as new Build Order

IA (Difícil) Zerg 

Build Orders: 1 Base Baneling Bust, Pool First 

Get SALT Encoding   

  12  0:01  Drone  
  13  0:12  Overlord  
  13  0:18  Drone  
  14  0:30  Drone  
  14  0:32  Drone  
  16  0:43  Spawning Pool  
  16  0:46  Drone  
  16  0:49  Drone  
  17  0:53  Extractor  
  17  0:55  Drone  
  17  1:06  Overlord  
  17  1:31  Zergling x2, Queen  
  20  1:38  Drone  
  21  1:40  Roach Warren  
  21  1:41  Extractor  
  21  1:43  Zergling x2  
  20  1:49  Drone  
  21  2:00  Drone  
  22  2:10  Overlord  
  22  2:21  Drone  
  23  2:32  Roach  
  25  2:38  Drone  
  25  2:43  Roach  
  28  2:44  Overlord  
  28  2:55  Roach  
  30  2:59  Drone  
  30  3:05  Drone  
  32  3:06  Ravager x2  
  32  3:10  Roach  
  36  3:16  Overlord  
  36  3:21  Roach  
  36  3:26  Drone  
  39  3:29  Drone  
  39  3:33  Ravager  
  41  3:38  Roach  
  43  3:41  Drone  
  43  3:44  Overlord  
  45  3:48  Drone  
  45  3:50  Roach  
  47  3:56  Baneling Nest  
  47  4:00  Drone  
  47  4:04  Evolution Chamber  
  46  4:11  Drone  
  46  4:13  Roach  
  49  5:24  Zergling x2  
  49  5:47  Lair, Zergling x2  
  49  5:48  Overlord, Drone  
  49  5:49  Zerg Melee Weapons Level 1, Evolution Chamber, Drone  
  51  5:51  Drone  
  51  5:53  Baneling  
  51  6:00  Zergling x2  
  47  6:06  Zergling x2  
  42  6:12  Zergling x2  
  42  6:15  Zerg Ground Armor Level 1  
  43  6:18  Baneling  
  43  6:24  Zergling x2  
  44  6:30  Zergling x2  
  45  6:32  Spore Crawler  
  45  6:33  Drone  
  45  6:36  Zergling x2  
  46  6:41  Spore Crawler, Drone  
  46  6:45  Burrow  
  46  6:47  Spire  
  46  6:49  Drone  
  46  6:52  Metabolic Boost  
  46  7:08  Spine Crawler, Drone  
  46  7:13  Spine Crawler  
  46  7:15  Drone  
  46  7:43  Zerg Missile Weapons Level 1  
  46  7:56  Queen  
  46  7:57  Overseer  
  48  7:59  Mutalisk  
  48  8:05  Mutalisk  
  50  8:06  Overseer  
  50  8:11  Mutalisk  
  54  8:17  Mutalisk  
  56  8:23  Mutalisk  
  58  8:29  Hydralisk Den, Drone  
  58  8:30  Mutalisk  
  60  8:47  Infestation Pit, Drone  
  51  9:40  Roach  
  51  9:44  Overlord  
  53  9:46  Hydralisk  
  55  9:54  Roach  
  57  10:02  Roach  
  55  10:09  Hydralisk  
  57  10:16  Infestor  
  59  10:24  Hive  
  55  10:35  Zergling x2  
  47  11:31  Roach  
  49  11:41  Hatchery  
  49  11:42  Drone  
  49  11:44  Ultralisk Cavern  
  49  11:45  Drone  
  49  11:47  Overseer  
  49  11:59  Pneumatized Carapace  
  49  12:22  Overseer  
  49  12:27  Roach  
  51  12:34  Roach  
  53  12:41  Roach  
  55  12:46  Overlord  
  55  12:48  Hydralisk  
  57  12:55  Hydralisk  
  59  13:03  Ultralisk  
  65  13:21  Infestor  
  67  13:49  Zergling x2  
  67  13:53  Queen  
  67  13:55  Hydralisk  
  43  14:09  Ultralisk  
  49  14:16  Zergling x2  
  49  14:18  Overseer  
  49  14:19  Overlord  
  41  14:26  Hydralisk  
  38  14:31  Queen  
  38  14:34  Drone  
  38  14:35  Zergling x2  
  37  14:44  Spore Crawler  
  34  14:46  Drone  
  34  14:47  Drone  
  34  14:49  Drone  
  34  14:51  Drone x2  
  35  14:53  Drone  
  35  14:54  Zergling x2  
  35  14:55  Drone  
  31  15:08  Ultralisk  
  37  15:45  Ultralisk  
  43  16:21  Overlord, Ultralisk  
  43  16:25  Spine Crawler  
  48  16:26  Drone  
  48  16:30  Hydralisk  
  51  16:40  Hydralisk  
  51  16:43  Drone  
  53  17:03  Overseer  
  53  17:22  Overlord, Roach  
  55  17:25  Roach  
  57  17:31  Roach  
  59  17:41  Overlord, Roach  
  61  17:46  Ravager  
  61  17:47  Roach  
  61  17:50  Zergling x2  
  58  17:54  Ravager, Drone  
  58  17:55  Drone  
  43  18:02  Hydralisk  
  45  18:08  Roach  
  47  18:16  Hydralisk  
  49  18:25  Hydralisk  
  51  18:30  Zergling x2  
  51  18:33  Roach, Queen  
  49  18:36  Roach  
  49  18:40  Zergling x2  
  40  18:44  Zergling x2  
  40  18:47  Hydralisk  
  41  18:51  Zergling x2  
  41  18:55  Zergling x2  
  40  18:58  Hydralisk  
  33  19:03  Zergling x2, Drone  
  33  19:04  Drone  
  33  19:06  Zergling x2  
  33  19:07  Overlord, Drone  
  34  19:10  Hydralisk  
  34  19:14  Zergling x2  
  34  19:15  Queen  
  33  19:18  Zergling x2, Spine Crawler  
  33  19:21  Hydralisk  
  26  19:26  Zergling x2  
  26  19:28  Spore Crawler, Drone  
  26  19:29  Hydralisk  
  26  19:30  Drone  
  17  19:32  Drone  
  17  19:37  Spore Crawler  
  14  19:38  Drone  
  14  19:40  Zergling x2  
  12  19:49  Drone x2  
  12  19:50  Zergling x2  
  10  19:57  Drone  
  10  19:59  Drone  
  9  20:01  Drone  
  9  20:02  Drone  
  9  20:04  Drone  
  9  20:07  Queen  
  9  20:11  Zergling x2  
  9  20:12  Drone  
  6  20:22  Drone  
  6  20:23  Drone  
  6  20:26  Drone  
  6  20:27  Drone  
  6  20:28  Drone  
  9  20:29  Drone  
  9  20:33  Drone  
  9  20:34  Drone  
  11  20:45  Drone  
  12  20:55  Drone  
  12  20:57  Drone  
  14  20:58  Drone  
  14  20:59  Drone  
  16  21:08  Drone  
  19  21:18  Roach  
  19  21:24  Hydralisk  
  21  21:52  Infestor  
  23  22:02  Overlord, Drone  
  24  22:21  Zergling x2, Drone  
  24  22:22  Drone  
  27  22:24  Drone  
  27  22:25  Drone  
  27  22:27  Drone  
  30  22:35  Ultralisk  
  36  22:37  Overseer  
  36  22:45  Overlord  
  36  22:47  Overseer  
  36  22:49  Drone  
  36  22:51  Drone  
  36  22:53  Drone  
  38  23:03  Drone  
  39  23:08  Drone  
  40  23:17  Overlord  
  40  23:18  Roach, Drone  
  43  23:24  Roach  
  45  23:35  Hydralisk  
  45  23:41  Infestor  
  47  23:46  Overlord  
  48  24:05  Zergling x2  
  49  24:11  Ultralisk  
  55  24:50  Zergling x2  
  55  24:57  Hydralisk  
  55  24:58  Overseer  
  39  25:19  Ultralisk  
  45  25:29  Hydralisk  
  45  25:33  Zergling x2  
  37  25:37  Zergling x2  
  37  25:38  Overlord  
  37  25:39  Spore Crawler  
  37  25:40  Hydralisk, Drone  
  39  25:43  Drone  
  39  25:44  Zergling x2  
  39  25:46  Drone  
  39  25:48  Zergling x2, Drone  
  38  25:52  Drone x2  
  6  26:46  Drone  
Show
View Real Time Build Order
Export as new Build Order

TwPrcntMlk Terran 

Build Orders:  

Get SALT Encoding   

  12  0:01  SCV  
  13  0:15  Supply Depot  
  13  0:17  SCV  
  14  0:33  SCV  
  15  0:41  Barracks  
  15  0:46  SCV  
  16  0:53  Refinery  
  16  0:58  SCV  
  16  0:59  Supply Depot  
  17  1:10  SCV  
  18  1:15  Refinery  
  18  1:22  SCV  
  19  1:34  SCV  
  19  1:38  Marine  
  21  1:46  SCV  
  22  1:53  Factory  
  22  1:58  SCV  
  23  2:01  Marine, Barracks  
  24  2:10  SCV  
  25  2:19  Marine  
  25  2:22  SCV  
  27  2:28  Supply Depot  
  27  2:36  Orbital Command  
  27  2:45  Hellion  
  27  2:46  Marine  
  27  2:49  Starport  
  30  2:57  Marine  
  31  3:05  Supply Depot  
  31  3:06  SCV  
  31  3:11  Hellion  
  34  3:13  Barracks Reactor  
  34  3:16  Marine  
  35  3:25  Medivac  
  37  3:32  Supply Depot  
  37  3:38  Hellion  
  37  3:39  Marine  
  40  4:06  Factory Tech Lab  
  40  4:07  Marine, Barracks Tech Lab  
  40  4:09  Medivac x2  
  44  4:26  Siege Tank  
  44  4:28  Marine x2  
  44  4:30  Stimpack  
  49  4:38  SCV  
  50  4:42  Supply Depot  
  50  4:45  Marine  
  50  4:46  Supply Depot, Marine  
  52  4:58  Siege Tank  
  55  5:04  Medivac, Marine x2  
  59  5:16  SCV  
  60  5:22  Marine  
  59  5:28  SCV  
  58  5:40  SCV  
  54  5:51  Medivac x2  
  54  5:52  Siege Tank  
  58  6:04  Marine x2  
  46  6:22  Marine x2  
  45  6:28  SCV  
  45  6:31  Supply Depot  
  45  6:32  Liberator  
  48  6:40  SCV, Marine  
  48  6:57  SCV  
  48  6:58  Marine  
  46  7:09  SCV  
  27  7:21  SCV  
  27  7:33  SCV  
  28  7:45  SCV  
  29  7:57  SCV  
  30  8:09  SCV  
  30  8:10  Command Center  
  31  8:13  Siege Tank  
  31  8:17  Marine  
  35  8:22  SCV  
  36  8:34  SCV  
  37  8:37  Marine x2  
  39  8:46  SCV  
  40  8:53  Siege Tank  
  40  8:55  Marine x2  
  44  8:58  SCV  
  46  9:10  SCV  
  46  9:13  Marine x2  
  46  9:16  Combat Shield  
  49  9:22  SCV  
  51  9:25  Orbital Command  
  51  9:31  Marine  
  51  9:34  SCV  
  49  9:46  SCV  
  49  9:47  Viking, Marine  
  49  9:48  Marine  
  49  9:51  SCV  
  55  9:58  SCV  
  56  10:03  SCV  
  56  10:05  Marine  
  56  10:06  Marine  
  55  10:10  SCV  
  36  10:23  Marine  
  36  10:24  Marine  
  34  10:31  SCV x2  
  36  10:35  Siege Tank  
  36  10:41  Marine  
  36  10:42  Marine  
  41  10:43  SCV  
  40  10:50  Liberator  
  40  10:55  SCV  
  42  10:58  Marine  
  42  11:00  Marine  
  44  11:08  Barracks  
  44  11:11  Siege Tank  
  47  11:14  Orbital Command  
  47  11:16  Marine  
  48  11:27  Marine  
  49  11:34  Medivac x2  
  53  11:43  Siege Tank  
  53  11:45  Marine  
  57  12:02  Marine  
  58  12:09  Marine x2  
  58  12:15  Siege Tank  
  63  12:20  Marine  
  64  12:27  Marine  
  65  12:38  Marine  
  66  12:45  Marine  
  67  12:56  Marine  
  68  13:02  Siege Tank  
  68  13:03  Marine  
  72  13:14  Marine  
  72  13:18  Barracks Reactor  
  72  13:19  Command Center  
  73  13:20  Marine  
  73  13:21  Medivac x2  
  78  13:27  Engineering Bay  
  78  13:28  Engineering Bay, Orbital Command  
  78  13:31  Marine  
  79  13:35  Siege Tank  
  79  13:38  Marine  
  83  13:49  Marine  
  84  13:56  Marine  
  84  14:02  Supply Depot  
  76  14:03  Supply Depot  
  76  14:07  Supply Depot, Marine, Siege Tank  
  63  14:20  Marine x2  
  57  14:39  Siege Tank  
  48  14:46  Viking x2  
Show
View Real Time Build Order
Export as new Build Order

IA (Difícil) Protoss 

Build Orders:  

Get SALT Encoding   

  12  0:01  Probe  
  13  0:13  Probe  
  14  0:20  Pylon  
  14  0:25  Probe  
  15  0:34  Probe  
  15  0:42  Probe  
  16  0:46  Assimilator  
  17  0:50  Gateway  
  17  0:52  Probe  
  18  1:00  Probe, Pylon  
  19  1:15  Probe  
  20  1:37  Gateway  
  20  1:39  Cybernetics Core  
  20  1:40  Zealot, Assimilator  
  22  1:56  Pylon  
  22  2:08  Zealot  
  24  2:16  Warp Gate  
  24  2:24  Adept  
  26  2:35  Stalker  
  26  2:36  Pylon  
  28  2:49  Adept  
  28  2:56  Probe  
  31  3:05  Adept  
  33  3:08  Probe  
  34  3:13  Pylon  
  34  3:14  Adept  
  36  3:20  Probe  
  37  3:27  Forge  
  37  3:32  Probe  
  38  3:35  Adept  
  40  3:44  Probe, Adept  
  43  3:56  Probe  
  44  4:13  Adept  
  46  4:58  Stalker  
  46  4:59  Probe, Protoss Ground Weapons Level 1  
  49  5:01  Gateway  
  49  5:06  Photon Cannon  
  49  5:08  Sentry  
  49  5:09  Probe  
  49  5:10  Pylon  
  52  5:17  Photon Cannon  
  52  5:21  Zealot  
  52  5:25  Probe, Robotics Facility  
  53  5:31  Stalker  
  53  5:34  Pylon  
  56  5:41  Stalker  
  56  5:42  Stargate  
  58  5:53  Zealot  
  60  6:00  Pylon  
  60  6:03  Twilight Council, Sentry  
  62  6:05  Forge  
  62  6:10  Observer  
  62  6:13  Stalker  
  63  6:25  Protoss Ground Armor Level 1  
  63  6:26  Observer  
  62  6:35  Stalker  
  62  6:50  Zealot  
  58  7:23  Zealot  
  54  7:33  Adept  
  54  7:42  Adept  
  56  9:02  Immortal  
  60  9:11  Gateway  
  60  9:16  Robotics Facility  
  60  9:17  Stalker  
  60  9:20  Stargate  
  62  9:28  Pylon  
  62  9:33  Robotics Bay  
  62  9:34  Stalker  
  62  9:35  Warp Prism  
  62  9:37  Stalker x2  
  64  9:49  Fleet Beacon  
  64  9:53  Pylon  
  64  10:01  Warp Prism  
  60  10:12  Observer  
  49  10:28  Warp Prism  
  49  10:33  Immortal  
  53  10:38  Stalker  
  57  10:49  Stalker  
  57  11:00  Stalker  
  57  11:10  Stalker  
  57  11:21  Sentry  
  59  11:32  Zealot  
  61  11:42  Colossus  
  61  11:46  Blink  
  67  11:53  Tempest  
  72  12:13  Protoss Ground Weapons Level 2  
  72  12:25  Protoss Ground Armor Level 2  
  72  13:16  Zealot  
  74  13:22  Adept  
  76  13:28  Pylon, Zealot  
  78  13:34  Zealot  
  78  13:40  Stalker  
  82  13:45  Sentry  
  84  13:51  Adept  
  86  13:58  Immortal  
  82  14:04  Zealot  
  76  14:16  Templar Archives  
  76  14:54  High Templar  
  78  15:08  High Templar  
  80  15:18  Stalker  
  82  15:24  Archon  
  82  15:27  Stalker  
  84  15:36  Stalker  
  86  15:45  Stalker  
  88  15:55  Stalker  
  90  16:04  Stalker  
  92  16:13  Pylon  
  92  16:22  Sentry  
  94  16:44  Probe  
  94  16:54  Protoss Shields Level 1  
  94  17:05  Colossus  
  94  17:37  Adept  
  96  17:49  Phoenix  
  96  18:03  Zealot  
  90  18:08  Zealot  
  90  18:14  Adept  
  88  18:27  Disruptor  
  88  18:33  Adept  
  85  18:38  Adept  
  85  18:43  Pylon  
  85  18:44  Adept  
  85  18:49  Adept  
  85  18:54  Immortal  
  89  18:59  Sentry  
  87  19:04  Sentry  
  82  19:10  Stalker  
  78  19:19  Stalker  
  80  19:37  Immortal  
  84  19:56  Immortal  
  84  20:04  Stalker  
  80  20:22  Immortal  
  84  20:41  Phoenix  
  86  20:59  Disruptor  
  89  21:39  Colossus  
  95  22:32  Carrier  
  101  22:40  Stalker  
  103  22:50  Stalker  
  103  23:00  Stalker  
  105  23:10  Zealot  
  101  23:17  Stalker  
  89  23:23  Zealot  
  88  23:28  Observer  
  81  23:41  Sentry  
  81  23:44  Probe  
  71  23:56  Observer  
  65  24:07  Observer  
  66  24:18  Stalker  
  68  24:27  Stalker  
  70  24:36  Stalker  
  68  24:41  Probe  
  60  24:45  Zealot  
  60  24:52  Zealot  
  62  24:59  Sentry  
  59  25:12  Void Ray  
  55  25:56  Stargate  
  55  26:07  Void Ray  
  59  26:36  Phoenix  
  61  27:08  Stargate  
  61  27:21  Void Ray  
  65  27:57  Void Ray  
  69  28:26  Void Ray  
  73  28:38  Stalker  
  75  28:41  Zealot  
  77  28:54  Sentry  
  79  29:06  Stalker  
  77  29:10  Zealot  
  77  29:14  Stalker  
  67  29:21  Stalker  
  58  29:29  Observer  
  58  30:03  Disruptor  
  61  30:17  Observer  
  62  30:26  Stalker  
  64  30:35  Stalker  
  66  30:45  Stalker  
  68  30:53  Stalker  
  70  31:12  Sentry  
  70  31:17  Adept  
  74  31:26  Immortal  
  74  31:30  Void Ray  
  78  32:02  Disruptor  
  81  32:39  Observer  
  81  32:43  Observer  
  73  32:45  Zealot  
  73  32:49  Zealot  
  64  32:55  Observer  
  60  33:02  Sentry  
  61  33:12  Stalker  
  52  33:21  Stalker  
  54  33:30  Stalker  
  56  33:39  Stalker  
  58  33:44  Probe  
  58  33:49  Stalker  
  60  33:58  Stalker  
  62  34:07  Stalker  
  64  34:16  Stalker  
  66  34:34  Sentry  
  68  34:39  Adept  
  70  34:57  Zealot  
  72  35:02  Zealot  
  74  35:08  High Templar  
  74  35:32  Zealot  
  58  35:38  Zealot  
  45  35:43  High Templar  
  45  35:49  Observer  
  48  35:56  Archon  
  48  36:16  High Templar  
  50  36:44  High Templar  
  51  36:55  Archon  
  51  37:11  High Templar  
  53  37:39  High Templar  
  55  37:50  Archon  
  55  38:07  High Templar  
  57  38:34  High Templar  
  59  38:43  Stalker  
  61  38:54  Observer  
  62  39:06  Stalker  
  64  39:16  Stalker  
  66  39:34  Sentry  
  47  39:40  Zealot  
  47  39:45  Zealot  
  47  39:48  Observer  
  50  40:14  Colossus  
  55  40:36  Probe  
  55  40:39  Observer  
  56  41:01  Tempest  
  61  41:25  Observer  
  62  41:33  Stalker  
  64  41:43  Stalker  
  65  41:57  Observer  
  66  42:01  Colossus  
  66  42:14  Disruptor  
  69  42:51  Disruptor  
  72  43:01  Stalker  
  74  43:19  Sentry  
  76  43:38  Sentry  
  78  43:46  Zealot  
  64  43:52  Zealot  
  52  43:58  Stalker  
  54  44:04  Stalker  
  56  44:13  Probe  
  56  44:21  Stalker  
  53  44:25  Stalker  
  53  44:29  Zealot  
  39  44:33  Zealot  
  39  44:39  Zealot  
  37  44:48  Stalker  
  37  44:50  Pylon  
  37  44:53  Stalker  
  30  45:01  Pylon  
  26  45:08  Pylon  
  26  45:11  Gateway  
Show
View Real Time Build Order
Export as new Build Order

IA (Difícil) Protoss 

Build Orders:  

Get SALT Encoding   

  12  0:01  Probe  
  13  0:13  Probe  
  14  0:21  Pylon  
  14  0:25  Probe  
  15  0:35  Probe  
  15  0:41  Gateway  
  16  0:43  Probe  
  16  0:49  Assimilator  
  17  0:53  Probe  
  18  1:01  Probe  
  18  1:04  Pylon  
  19  1:24  Probe  
  20  1:28  Zealot  
  22  1:34  Cybernetics Core  
  22  1:47  Gateway  
  22  1:49  Assimilator  
  22  2:01  Zealot  
  22  2:06  Pylon  
  22  2:13  Warp Gate  
  24  2:27  Stalker  
  26  2:34  Stalker  
  28  2:53  Stalker  
  28  2:54  Pylon  
  30  3:02  Probe  
  30  3:04  Adept  
  33  3:14  Probe  
  33  3:17  Stalker  
  34  3:23  Forge  
  34  3:27  Probe  
  31  3:34  Stalker  
  37  3:39  Probe  
  40  3:44  Pylon  
  40  3:51  Probe  
  41  4:02  Probe  
  41  4:53  Probe  
  42  5:00  Sentry  
  42  5:01  Protoss Ground Weapons Level 1  
  42  5:03  Gateway  
  42  5:05  Probe  
  42  5:06  Robotics Facility  
  45  5:10  Sentry, Photon Cannon  
  45  5:13  Photon Cannon  
  45  5:14  Pylon  
  47  5:17  Probe  
  48  5:23  Sentry  
  50  5:33  Sentry  
  52  5:39  Forge  
  52  5:44  Probe  
  52  5:46  Adept  
  54  5:53  Observer  
  55  5:59  Stargate  
  55  6:01  Protoss Ground Armor Level 1  
  55  6:03  Zealot  
  51  6:11  Observer  
  47  6:13  Zealot  
  48  6:24  Stalker  
  50  6:34  Stalker  
  52  6:44  Stalker  
  54  6:51  Twilight Council  
  54  6:54  Adept  
  56  9:00  Warp Prism  
  56  9:14  Gateway  
  56  9:16  Templar Archives  
  58  9:19  Robotics Bay  
  58  9:22  Robotics Facility  
  58  9:25  Pylon  
  58  9:28  Warp Prism  
  60  9:49  Pylon  
  60  9:54  High Templar  
  62  10:02  Warp Prism  
  62  10:04  High Templar  
  62  10:06  Stargate  
  64  10:07  Stalker x2  
  64  10:12  Stalker x2  
  64  10:15  Disruptor  
  67  10:31  Observer  
  61  10:36  Zealot  
  53  10:47  Stalker, Archon  
  47  10:51  Observer  
  48  11:07  High Templar  
  50  11:35  High Templar  
  52  11:45  Stalker  
  54  11:56  Archon  
  54  12:12  High Templar  
  55  12:40  High Templar  
  57  12:52  Archon  
  57  13:01  Zealot  
  59  13:08  Zealot  
  61  13:15  Zealot  
  63  13:21  High Templar  
  65  13:35  High Templar  
  67  13:43  Stalker  
  69  13:50  Archon  
  69  14:02  Sentry  
  70  14:09  Adept  
  72  14:12  Pylon  
  72  14:25  Immortal, Zealot  
  72  14:40  Observer  
  69  14:49  Stalker  
  69  14:58  Stalker  
  65  15:08  Stalker  
  67  15:17  Stalker  
  69  15:26  Stalker  
  71  15:45  Sentry  
  73  15:52  Adept  
  75  16:07  Phoenix  
  77  16:26  Immortal  
  81  16:35  Pylon  
  81  16:44  Void Ray  
  84  17:05  Pylon  
  84  17:17  Probe, Zealot  
  84  17:22  Void Ray  
  91  17:29  Probe  
  92  17:39  Pylon  
  92  17:51  Zealot, Blink  
  92  17:55  Zealot  
  90  18:11  Observer  
  90  18:24  Protoss Ground Weapons Level 2  
  90  18:31  Observer  
  86  18:35  Zealot  
  86  18:49  Zealot  
  86  19:11  Adept  
  86  19:17  Observer  
  86  19:23  Stalker  
  84  19:29  Observer  
  72  19:45  Sentry  
  74  19:54  Stalker  
  75  20:09  Observer  
  71  20:35  Colossus  
  76  20:59  Observer  
  77  21:47  Fleet Beacon  
  77  22:22  Carrier  
  77  22:36  Observer  
  84  22:45  Stalker  
  86  22:58  Observer  
  86  23:08  Stalker  
  88  23:17  Stalker  
  90  23:35  Sentry  
  92  23:54  Sentry  
  94  24:08  Stalker  
  96  24:13  Stalker  
  98  24:43  Tempest  
  103  24:53  Pylon  
  103  24:56  Stalker  
  101  25:21  Protoss Ground Armor Level 2  
  93  25:57  Stalker  
  93  26:01  Stalker  
  93  26:18  Zealot  
  91  26:21  Protoss Shields Level 1  
  91  26:56  Zealot  
  91  27:08  Gravitic Boosters  
  91  27:19  Zealot  
  93  27:23  Zealot  
  93  27:27  Zealot  
  97  27:30  Adept  
  97  27:34  Immortal  
  103  27:57  Gravitic Drive  
  101  28:12  Protoss Air Weapons Level 1  
  100  28:22  Observer  
  101  28:30  Protoss Shields Level 2  
  101  29:25  Protoss Ground Weapons Level 3  
  101  29:50  Adept  
  91  29:53  Stalker  
  91  29:57  Stalker  
  68  30:01  Zealot  
  54  30:10  Zealot  
  54  30:12  Observer  
  57  30:17  Stalker  
  57  30:20  Protoss Air Armor Level 1  
  59  30:24  Observer  
  60  30:30  Adept  
  62  30:49  Sentry  
  64  30:58  Adept  
  64  31:02  Zealot  
  58  31:05  Zealot  
  48  31:12  Zealot  
  50  31:19  Adept  
  50  31:21  Observer  
  50  31:23  Stalker  
  55  31:25  Adept  
  55  31:28  Probe  
  55  31:32  Adept  
  59  31:39  Adept  
  61  31:46  Adept  
  63  31:49  Stalker  
  65  31:58  Stalker  
  67  32:07  Stalker  
  69  32:25  Sentry  
  71  32:52  Void Ray  
  75  33:16  Probe  
  75  33:17  Void Ray  
  75  33:18  Stalker x2  
  79  33:39  Resonating Glaives  
  79  34:07  Sentry  
  79  34:14  Stalker  
  74  34:21  Observer  
  71  34:25  Adept  
  71  34:29  Zealot  
  65  34:32  Zealot  
  65  34:37  Zealot  
  57  34:45  Stalker  
  59  34:49  Adept  
  59  34:52  Adept  
  63  34:57  Adept  
  65  35:08  Adept  
  65  35:12  Stalker  
  69  35:15  Adept  
  69  35:19  Adept  
  73  35:28  Stalker  
  73  35:33  Stalker  
  77  35:48  Sentry  
  79  36:15  Disruptor  
  81  36:38  Disruptor  
  80  37:07  Observer  
  61  37:09  Observer  
  61  37:13  Zealot  
  48  37:18  Zealot  
  46  37:24  Stalker  
  48  37:30  Stalker  
  49  37:37  Probe  
  49  37:38  Stalker  
  52  37:57  Sentry  
  54  38:18  Observer  
  54  38:42  Tempest  
  59  38:54  Observer  
  59  39:11  Observer  
  60  39:20  Stalker  
  62  39:29  Stalker  
  64  39:37  Stalker  
  66  39:56  Sentry  
  68  40:06  Zealot  
  70  40:11  Zealot  
  72  40:25  High Templar  
  74  40:32  Stalker x2  
  74  40:52  High Templar  
  76  41:04  Archon  
  76  41:20  High Templar  
  78  41:47  High Templar  
  78  41:52  Zealot  
  78  41:57  Zealot  
  80  42:03  Archon  
  80  42:15  High Templar  
  58  42:42  High Templar  
  54  42:54  Archon  
  54  43:10  High Templar  
  56  43:38  High Templar  
  58  43:47  Stalker  
  60  44:01  Observer  
  61  44:15  Observer  
  61  44:23  Stalker  
  63  44:32  Stalker  
  65  44:51  Probe, Sentry  
Show
View Real Time Build Order
Export as new Build Order

IA (Difícil) Terran 

Build Orders:  

Get SALT Encoding   

  12  0:01  SCV  
  13  0:13  SCV  
  14  0:18  Supply Depot  
  14  0:25  SCV  
  15  0:40  SCV  
  16  0:43  Barracks  
  16  0:47  Refinery  
  16  0:52  SCV  
  17  1:04  SCV  
  18  1:16  SCV  
  19  1:20  Supply Depot  
  19  1:29  SCV, Marine  
  21  1:39  Barracks  
  21  1:42  Orbital Command  
  21  1:47  Refinery  
  21  1:49  Barracks Tech Lab  
  21  2:05  Supply Depot  
  21  2:07  Marine  
  22  2:24  Marine  
  22  2:27  Marine  
  24  2:42  Marine  
  24  2:43  Supply Depot  
  25  2:45  Marine  
  26  3:01  Marauder  
  26  3:03  Marine  
  29  3:14  Supply Depot  
  29  3:17  SCV  
  30  3:21  Marine  
  30  3:25  Marauder  
  33  3:29  SCV, Engineering Bay  
  34  3:39  Marine  
  34  3:41  SCV  
  36  3:46  Marine  
  37  3:53  SCV  
  38  3:57  Marine  
  39  4:03  Marine  
  39  4:05  SCV  
  41  4:17  SCV  
  41  4:22  Marauder  
  44  4:43  Marauder  
  46  5:04  Marauder  
  48  6:00  SCV  
  48  6:14  Barracks Tech Lab  
  48  6:16  SCV  
  48  6:17  Stimpack, Terran Infantry Weapons Level 1  
  49  6:19  Factory  
  49  6:22  Factory  
  49  6:24  Supply Depot  
  49  6:28  SCV, Missile Turret  
  49  6:32  Combat Shield, Missile Turret  
  50  6:36  Barracks  
  50  6:50  Supply Depot  
  50  6:53  SCV  
  49  6:54  Bunker  
  44  7:05  SCV, Widow Mine  
  40  7:09  Starport  
  36  7:17  SCV  
  36  7:27  Widow Mine  
  36  7:29  SCV  
  34  7:41  SCV  
  34  7:42  Marine  
  19  7:51  Concussive Shells, Marine  
  19  7:53  SCV  
  12  8:00  Marine  
  9  8:05  SCV  
  9  8:08  Marine  
  9  8:12  Terran Infantry Armor Level 1  
  9  8:17  Marine  
  9  8:18  SCV  
  11  8:21  Starport Tech Lab, Factory Tech Lab  
  11  8:22  Factory Tech Lab  
  11  8:26  Marine  
  10  8:30  SCV  
  10  8:35  Marauder  
  10  8:42  SCV, Raven  
  10  8:43  Marine  
  10  8:52  Marine  
  10  8:53  Starport  
  10  8:54  SCV  
  10  9:00  Marine  
  10  9:06  SCV  
  10  9:09  Marine  
  11  9:18  SCV, Siege Tank  
  15  9:26  Marine  
  15  9:30  SCV, Starport Tech Lab  
  17  9:35  Marine  
  18  9:44  Marine  
  20  9:53  Widow Mine  
  21  10:01  Marine  
Tags
 
Add a new tag
Caveats
  • Supply blocks, unpowered buildings, or Contaminate may cause inaccurate times.
  • Supply counts are checked every 10 seconds.